 Dungeon Crawl Stone Soup version 0.27.0 (webtiles) character file.

Game seed: 8700411590667160234

58 pikapanic92 the Skirmisher (level 3, -1/30 (31) HPs)
             Began as a Palentonga Fighter on July 30, 2021.
             Slain by a wight (6 damage)
             ... on level 3 of the Dungeon.
             The game lasted 00:05:56 (1410 turns).

pikapanic92 the Skirmisher (Palentonga Fighter)     Turns: 1410, Time: 00:05:56

HP:   -1/30 (31)    AC: 10    Str: 20    XL:     3   Next: 76%
MP:   3/3           EV:  1    Int:  8    God:
Gold: 73            SH:  8    Dex:  9    Spells: 2/2 levels left

rFire    . . .     SeeInvis +   a - +0 long sword
rCold    . . .     Faith    .   c - +0 kite shield
rNeg     . . .     Spirit   .   e - +0 plate armour
rPois    .         Reflect  .   (no helmet)
rElec    .         Harm     .   (no cloak)
rCorr    .         Rampage  .   f - +0 pair of gloves
Will     .....                  (no barding)
Stlth    ..........             (no amulet)
HPRegen  0.10/turn              (no ring)
MPRegen  0.08/turn              (no ring)

@: lightly drained
A: large, rugged brown scales 3, see invisible, deformed body, roll 1, armoured
tail
a: Rolling Charge


You were on level 3 of the Dungeon.
You visited 1 branch of the dungeon, and saw 3 of its levels.

You collected 73 gold pieces.

Inventory:

Hand Weapons
 a - a +0 long sword (weapon)
 k - a +1 dagger of protection
Armour
 b - a +0 scale mail
 c - a +0 kite shield (worn)
 e - a +0 plate armour (worn)
 f - a +0 pair of gloves (worn)
 h - a +0 pair of boots
 j - a +0 plate armour
Jewellery
 l - a ring of ice
Potions
 d - a potion of might
 g - 2 potions of brilliance {unknown}
 i - a potion of degeneration {unknown}
 m - a potion of heal wounds {unknown}


   Skills:
 + Level 3.2 Fighting
 + Level 2.9 Long Blades
 + Level 2.8 Armour
 + Level 0.2 Dodging
 + Level 2.9 Shields


You had 2 spell levels left.
You didn't know any spells.
Your spell library contained the following spells:

 Spells                   Type           Power      Damage    Failure   Level
 Corpse Rot               Necr/Air       N/A        N/A       100%        2
 Dispel Undead            Necr           0%         3d6       100%        4
 Death Channel            Necr           0%         N/A       100%        6
 Borgnjor's Revivificati  Necr           0%         N/A       100%        8


Dungeon Overview and Level Annotations

Branches:
Dungeon (3/15)

Altars:


Innate Abilities, Weirdness & Mutations

You are completely covered in rugged brown scales. (AC +3, +7% HP)
You have supernaturally acute eyesight. (SInv)
Armour fits poorly on your strangely shaped body.
You can roll at nearby foes to attack.
You have a long armoured tail.


Message History

Found 28 bolts.
Found a stone staircase leading up.
Done exploring.
Unknown command.
Done exploring.
You see here 18 stones.
There is a stone staircase leading down here.
You can't go up here!
You climb downwards.
A goblin comes into view. It is wielding a +0 club.
The goblin shouts!
Found a runed mace.
Found an escape hatch in the floor.
There is a stone staircase leading up here.
A wight comes into view. It is wielding a +0 falchion.
Found 10 gold pieces.
A wight comes into view. It is wielding a +5 long sword.
A wight comes into view. It is wielding a +4 flail of freezing.
You block the goblin's attack.
The wight moves out of view.
Your plate armour prevents you from hitting the goblin.
You tail-slap the goblin.
You kill the goblin!
A wight comes into view. It is wielding a +0 trident.
The wight moves out of view.
You hit the wight.
The wight is lightly damaged.
The wight hits you with a +0 falchion.
You feel drained. The wight hits you but does no damage.
A wight comes into view. It is wielding a +0 spear.
You slash the wight!
The wight is heavily damaged.
You block the wight's attack. The wight hits you but does no damage.
You block the wight's attack. The wight hits you but does no damage.
You hit the wight but do no damage.
The wight hits you with a +5 long sword!
The wight hits you with a +4 flail of freezing!
* * * LOW HITPOINT WARNING * * *
The wight freezes you.
* * * LOW HITPOINT WARNING * * *
You block the wight's attack.
The wight hits you from afar with a +0 trident.
You die...

########
##..<...##
##.....>..##
#..........#
#..z..).)..#
#.@zzz.....#
........z.........
######..........#.
##........##
#........#
..........#
#$.........#
#..........


You could see 5 wights.

Vanquished Creatures
  2 dart slugs
  5 bats
  8 endoplasms
  2 giant cockroaches
  5 goblins
  4 hobgoblins (D:2)
  5 jackals
  3 kobolds
  A quokka (D:2)
  5 ball pythons
  2 frilled lizards (D:2)
  2 rats
44 creatures vanquished.

Notes
Turn   | Place    | Note
-------+----------+-------------------------------------------
     0 | D:1      | pikapanic92 the Palentonga Fighter began the quest for the
                  | Orb.
     0 | D:1      | Reached XP level 1. HP: 19/19 MP: 1/1
   294 | D:1      | Reached XP level 2. HP: 25/25 MP: 2/2
   297 | D:1      | Found a faded altar of an unknown god.
   312 | D:1      | Got the Tome of Evil Arts
   628 | D:2      | Reached XP level 3. HP: 31/31 MP: 3/3
  1410 | D:3      | Slain by a wight

Illustrated notes

Levels and vault maps discovered:
D:1:      heliophobic_arrival_dark_side_of_the_moon, layout_rooms,
          hellmonk_ecumenical_altar_run_dry
D:2:      layout_basic, minmay_statues_item, minmay_increasing_density
D:3:      layout_rooms, gammafunk_ghost_necromancy, uniq_grinder, uniq_jessica

Action                   || total
-------------------------++-------
Melee: Long sword        ||   106
       Tailslap          ||     8
 Abil: Rolling Charge    ||    20
  Use: Scroll            ||     1
Armor: Scale mail        ||     6
       Plate armour      ||   121
Dodge: Dodged            ||     7
Block: Kite shield       ||    73
       Rpst.: Long sword ||     4
